Map: Coda EC

Players

AgCl - Winner!

  • Race: Protoss Protoss

Gravepact

  • Race: Terran Terran

VOD

Have the link to the VOD?

Description

Time

  • Played on: May 5, 2015, 7:12 a.m.
  • Length: 4:20
Show
View Real Time Build Order
Export as new Build Order

AgCl Protoss - Winner!

Build Orders: Oracle Opening, Oracle Opening 

Get SALT Encoding   

  12  0:04  Probe  
  13  0:16  Probe  
  14  0:38  Pylon  
  14  0:46  Assimilator  
  14  0:57  Gateway  
  14  1:00  Probe (Chrono Boost)  
  15  1:10  Pylon  
  15  1:12  Probe (Chrono Boost)  
  16  1:21  Probe (Chrono Boost)  
  17  1:29  Probe  
  18  1:41  Probe (Chrono Boost)  
  18  1:42  Assimilator  
  18  1:46  Zealot (Chrono Boost)  
  21  1:51  Cybernetics Core  
  21  1:53  Probe (Chrono Boost)  
  22  2:03  Probe (Chrono Boost)  
  22  2:05  Pylon  
  23  2:10  Probe (Chrono Boost)  
  24  2:22  Probe (Chrono Boost)  
  25  2:30  Stargate  
  25  2:31  Mothership Core  
  26  2:52  Probe  
  27  3:04  Probe  
  26  3:16  Probe  
  26  3:17  Oracle (Chrono Boost)  
  30  3:23  Nexus  
  30  3:28  Pylon  
  30  3:31  Probe  
  30  3:32  Forge  
Show
View Real Time Build Order
Export as new Build Order

Gravepact Terran 

Build Orders:  

Get SALT Encoding   

  12  0:01  SCV  
  13  0:13  SCV  
  14  0:19  Supply Depot  
  14  0:25  SCV  
  15  0:35  Refinery  
  15  0:40  SCV  
  16  0:47  Barracks  
  16  0:52  SCV  
  17  1:04  SCV  
  17  1:10  Refinery  
  18  1:17  SCV  
  19  1:29  SCV  
  20  1:35  Marine  
  20  1:39  Factory  
  21  1:42  Orbital Command  
  21  2:02  Barracks Tech Lab  
  21  2:07  SCV  
  22  2:20  SCV  
  23  2:36  Command Center  
  23  2:42  Supply Depot  
  23  2:45  Supply Depot  
  23  2:56  Marine  
  23  3:02  SCV  
  23  3:04  Cyclone  
  25  3:14  SCV  
  25  3:17  Marine  
  27  3:26  SCV  
  28  3:36  Cyclone  
  28  3:38  SCV  
  32  3:48  Marine  
  33  3:49  Orbital Command  
  33  3:50  SCV  
  33  3:58  Factory  
  33  4:02  SCV  
Tags
 
Add a new tag
Caveats
  • Supply blocks, unpowered buildings, or Contaminate may cause inaccurate times.
  • Supply counts are checked every 10 seconds.